Map: [ESL] Inside and Out

Players

Spirit - Winner!

  • Race: Terran Terran
  • Spawn Location: 7:00

NightMare

  • Race: Protoss Protoss
  • Spawn Location: 1:00

Event: DreamHack SC2 Masters 2022 Valencia

VOD

Have the link to the VOD?

Description

Time

  • Played on: July 2, 2022, 4:50 a.m.
  • Length: 16:10

All games in this series

Show
View Real Time Build Order
Export as new Build Order

Spirit Terran - Winner!

Build Orders: Banshee Rush 

Get SALT Encoding   

  12  0:00  SCV  
  13  0:12  SCV  
  14  0:17  Supply Depot  
  14  0:24  SCV  
  15  0:38  SCV  
  15  0:41  Barracks  
  16  0:44  Refinery  
  16  0:50  SCV  
  17  1:02  SCV  
  18  1:15  SCV  
  19  1:27  Marine  
  19  1:28  Orbital Command  
  20  1:41  Command Center  
  21  1:47  Reaper  
  21  1:52  Supply Depot  
  21  1:55  SCV  
  22  2:06  Factory  
  22  2:08  SCV  
  22  2:15  Bunker  
  23  2:20  SCV  
  23  2:22  Barracks Reactor  
  24  2:29  Refinery  
  24  2:32  SCV  
  25  2:53  Hellion  
  25  2:54  Orbital Command  
  25  2:55  SCV  
  28  2:58  Marine  
  28  2:59  Marine  
  30  3:06  Starport  
  30  3:07  SCV  
  31  3:15  Factory Tech Lab  
  31  3:16  Marine  
  31  3:17  Marine  
  31  3:19  SCV  
  34  3:21  SCV  
  35  3:32  SCV  
  35  3:33  SCV  
  37  3:34  Marine  
  37  3:40  Factory Tech Lab  
  38  3:44  SCV  
  38  3:45  SCV  
  40  3:48  Cloaking Field, Supply Depot  
  40  3:50  Banshee, Supply Depot  
  43  3:56  SCV  
  43  3:57  Engineering Bay, SCV  
  45  4:08  SCV  
  46  4:10  SCV, Siege Tank  
  46  4:12  Supply Depot  
  46  4:17  Barracks  
  50  4:20  SCV, Marine x2  
  50  4:22  SCV  
  54  4:28  Missile Turret  
  54  4:30  Bunker  
  54  4:32  SCV  
  54  4:34  SCV, Banshee  
  54  4:37  Marine  
  60  4:43  Refinery  
  60  4:44  SCV  
  61  4:46  SCV  
  61  4:48  Siege Tank  
  64  4:53  Barracks  
  64  4:56  SCV  
  64  4:58  SCV  
  66  5:01  Refinery  
  66  5:02  Marine  
  66  5:06  Barracks Tech Lab  
  65  5:08  SCV  
  65  5:10  SCV  
  65  5:13  Marine  
  68  5:15  Supply Depot  
  68  5:20  SCV, Marine  
  70  5:29  Starport Reactor  
  70  5:30  Stimpack  
  70  5:36  Factory Reactor, Command Center  
  70  5:37  SCV, Marauder  
  70  5:38  Supply Depot  
  70  5:40  Supply Depot  
  73  5:43  SCV  
  73  5:45  Marine  
  73  5:49  SCV, Marauder  
  78  5:53  Marine  
  78  5:55  SCV  
  77  6:00  Marauder  
  77  6:01  SCV  
  77  6:03  Marine, Combat Shield  
  81  6:06  Medivac  
  81  6:07  Medivac, Supply Depot  
  81  6:08  Supply Depot  
  81  6:11  Marauder  
  87  6:12  Terran Infantry Weapons Level 1  
  87  6:15  Engineering Bay  
  87  6:17  Widow Mine  
  89  6:19  Widow Mine  
  89  6:21  Marauder  
  89  6:22  SCV  
  94  6:28  SCV  
  95  6:35  Barracks  
  95  6:38  Barracks, Armory  
  95  6:40  Supply Depot  
  95  6:46  Medivac  
  99  6:48  Marine, SCV, Terran Infantry Armor Level 1  
  99  6:49  Marine x2  
  99  6:51  Orbital Command  
  99  6:53  SCV  
  102  6:57  Widow Mine  
  102  6:58  Widow Mine  
  102  7:00  SCV  
  106  7:04  Marauder  
  106  7:05  SCV  
  106  7:06  Marine  
  110  7:12  SCV  
  110  7:14  Marine  
  110  7:15  Marauder  
  114  7:18  Ghost Academy, Widow Mine  
  114  7:20  Orbital Command  
  118  7:22  Widow Mine  
  118  7:24  Marine  
  118  7:26  Marauder  
  118  7:28  Barracks Reactor  
  118  7:29  Medivac x2  
  125  7:30  Marine  
  125  7:32  SCV  
  125  7:33  SCV  
  125  7:36  Marine, Marauder  
  128  7:39  Widow Mine  
  128  7:42  Marine  
  127  7:44  Widow Mine  
  127  7:45  SCV x3  
  127  7:50  Marine  
  127  7:51  Marauder  
  131  7:54  Marine  
  131  7:57  SCV  
  132  7:59  SCV  
  133  8:08  Marine  
  133  8:09  Marauder  
  133  8:15  SCV x3  
  133  8:18  Marine  
  132  8:20  Viking  
  132  8:21  Widow Mine  
  132  8:22  Marine  
  132  8:23  Widow Mine  
  133  8:28  Concussive Shells  
  133  8:29  SCV  
  133  8:31  Terran Infantry Weapons Level 2  
  133  8:32  Medivac, Marine x2  
  133  8:33  SCV, Marauder  
  140  8:35  SCV  
  140  8:37  Refinery  
  141  8:42  Marine  
  141  8:43  SCV  
  141  8:45  SCV, Supply Depot x2  
  141  8:47  SCV  
  145  8:49  Widow Mine  
  145  8:50  Widow Mine  
  145  8:54  Command Center  
  149  8:56  Refinery  
  149  8:58  Sensor Tower  
  149  9:02  Supply Depot  
  149  9:05  Supply Depot  
  149  9:06  Medivac, SCV x3, Marine  
  155  9:10  Ghost x2  
  159  9:19  SCV  
  159  9:23  Marine, Marauder  
  161  9:27  Medivac  
  162  9:33  Marine  
  162  9:35  Widow Mine x2  
  167  9:40  Medivac  
  167  9:43  Ghost  
  167  9:44  Marine  
  170  9:49  Ghost  
  170  9:50  Marine  
  171  9:57  Medivac, Marine, Marauder  
  171  9:58  Marine  
  175  10:02  Bunker  
  175  10:03  Supply Depot x2  
  175  10:10  Viking  
  175  10:11  Terran Infantry Armor Level 2  
  175  10:12  SCV x3  
  175  10:13  Marine, Marauder  
  183  10:22  Starport  
  183  10:23  Supply Depot  
  183  10:24  SCV x3  
  183  10:26  Refinery  
  183  10:27  Viking  
  184  10:29  Refinery, Marine, Marauder  
  184  10:33  Missile Turret  
  184  10:35  Planetary Fortress  
  187  10:36  SCV x3  
  187  10:39  Missile Turret  
  187  10:40  Viking  
  192  10:47  Fusion Core  
  192  10:49  Marine  
  192  10:50  Marauder  
  195  11:02  Enhanced Shockwaves, Starport Reactor  
  197  11:05  Barracks  
  197  11:06  Barracks x2  
  197  11:09  Terran Ship Weapons Level 1  
  197  11:10  Missile Turret x2  
  194  11:17  Marauder x3  
  178  11:24  SCV x2  
  178  11:26  Marine  
  178  11:29  SCV  
  180  11:33  Command Center  
  180  11:38  Marine, Marauder x3  
  187  11:41  Advanced Ballistics  
  187  11:42  Liberator x3  
  196  11:50  Sensor Tower  
  196  11:56  Barracks Tech Lab  
  196  11:57  Barracks Tech Lab x2, Liberator  
  199  12:07  Marauder  
  181  12:16  Marine, Marauder  
  181  12:17  Marine  
  181  12:18  Marine x6  
  176  12:24  Liberator  
  176  12:25  Liberator x2  
  176  12:28  Marine  
  184  12:34  Marine  
  184  12:35  Marine x7  
  192  12:37  Marine  
  192  12:40  Liberator  
  190  12:45  Missile Turret  
  190  12:46  Marauder  
  190  12:52  Marine  
  190  12:53  Marine x3  
  190  12:54  Marauder x2, Planetary Fortress  
  190  12:56  Marine, Marauder  
  194  13:02  Marauder  
  194  13:07  Refinery x2, Liberator  
  194  13:08  Marauder  
  194  13:09  Marine  
  194  13:11  Marine  
  197  13:14  Marauder  
  199  13:23  Marine  
  199  13:24  Marine  
  199  13:26  Marine  
  199  13:27  Marine, Marauder x2  
  177  13:30  Marine  
  177  13:31  Marine x2  
  161  13:35  Marine  
  161  13:41  Marine  
  140  13:43  Liberator x2  
  136  13:55  Ghost  
  136  13:56  Ghost x3, Marine  
  136  13:57  Marine x2, Marauder x2  
  136  13:58  Marine  
  140  14:08  SCV  
  141  14:10  SCV  
  141  14:11  SCV  
  141  14:14  SCV, Marine x2  
  146  14:18  Marauder x2  
  146  14:20  SCV  
  146  14:22  SCV  
  152  14:24  Ghost  
  152  14:25  Marauder x3  
  152  14:27  Marine  
  161  14:32  SCV, Marine  
  162  14:39  Ghost, Marauder  
  162  14:42  Marine  
  162  14:43  Marine  
  150  14:46  Marauder x3  
  150  14:47  Missile Turret  
  150  14:48  Marine  
  150  14:51  Orbital Command  
  156  14:54  Marauder  
  156  14:56  Marine  
  156  15:01  Marauder  
  156  15:02  Marine  
  154  15:08  Marauder x2  
  154  15:09  Marine  
  154  15:10  Marauder  
  150  15:22  Marine  
  150  15:23  Marine  
  150  15:25  Marine  
  150  15:26  Marauder x2  
  149  15:32  Marine, Marauder  
  152  15:40  Marine  
  152  15:41  Marauder  
  155  15:47  Marine  
  155  15:48  Marine  
  141  15:51  Marine  
Show
View Real Time Build Order
Export as new Build Order

NightMare Protoss 

Build Orders: 1 Gate Expand, Blink Stalkers 

Get SALT Encoding   

  12  0:00  Probe  
  13  0:12  Probe  
  14  0:19  Pylon  
  14  0:24  Probe  
  15  0:37  Probe (Chrono Boost)  
  15  0:38  Gateway  
  16  0:46  Probe (Chrono Boost)  
  16  0:47  Assimilator  
  17  0:51  Probe (Chrono Boost)  
  18  1:03  Probe  
  19  1:15  Probe  
  20  1:25  Cybernetics Core  
  22  1:35  Nexus  
  20  1:40  Pylon  
  20  1:43  Probe  
  21  1:49  Assimilator  
  21  1:55  Probe (Chrono Boost)  
  22  2:02  Adept  
  22  2:04  Warp Gate  
  22  2:08  Probe (Chrono Boost)  
  25  2:14  Probe (Chrono Boost)  
  26  2:21  Twilight Council  
  26  2:22  Probe (Chrono Boost)  
  27  2:32  Stalker, Probe (Chrono Boost)  
  30  2:37  Probe (Chrono Boost)  
  31  2:47  Probe (Chrono Boost)  
  33  2:54  Probe (Chrono Boost)  
  33  2:57  Probe (Chrono Boost)  
  33  3:02  Stalker  
  33  3:04  Blink (Chrono Boost)  
  34  3:08  Probe (Chrono Boost)  
  34  3:12  Probe (Chrono Boost)  
  37  3:20  Probe (Chrono Boost)  
  37  3:24  Probe (Chrono Boost)  
  37  3:25  Probe (Chrono Boost)  
  39  3:33  Probe  
  38  3:35  Probe  
  39  3:43  Gateway  
  39  3:45  Probe, Robotics Facility  
  39  3:46  Gateway  
  39  3:47  Probe  
  41  3:51  Forge  
  41  3:53  Pylon  
  41  3:57  Probe  
  41  3:59  Probe  
  43  4:05  Shield Battery  
  43  4:06  Stalker  
  43  4:09  Probe  
  46  4:11  Probe  
  47  4:23  Probe x2  
  49  4:28  Nexus  
  49  4:30  Pylon  
  49  4:33  Protoss Ground Weapons Level 1  
  49  4:34  Observer  
  49  4:38  Stalker  
  52  4:41  Assimilator  
  52  4:44  Probe x2  
  54  4:52  Pylon  
  54  4:53  Stalker  
  54  4:54  Stalker  
  54  4:59  Probe x2  
  59  5:11  Charge  
  59  5:12  Probe x2  
  59  5:14  Observer (Chrono Boost)  
  62  5:16  Gateway  
  62  5:18  Gateway  
  60  5:24  Probe  
  60  5:25  Probe  
  60  5:26  Gateway  
  59  5:33  Stalker  
  61  5:37  Observer (Chrono Boost)  
  62  5:43  Stalker  
  62  5:46  Stalker  
  66  5:51  Probe x3  
  68  6:03  Probe x2  
  70  6:04  Probe  
  71  6:16  Probe (Chrono Boost)  
  72  6:18  Probe x2 (Chrono Boost)  
  72  6:25  Pylon, Zealot x5  
  82  6:30  Probe (Chrono Boost)  
  82  6:32  Pylon  
  85  6:39  Protoss Ground Weapons Level 2 (Chrono Boost)  
  85  6:43  Probe x2  
  85  6:44  Warp Prism (Chrono Boost)  
  85  6:46  Pylon  
  87  6:48  Pylon  
  87  6:52  Robotics Bay  
  87  6:53  Probe  
  90  6:57  Probe  
  91  7:02  Probe  
  91  7:07  Pylon, Zealot x4  
  100  7:15  Zealot x2  
  100  7:18  Observer  
  104  7:23  Pylon  
  104  7:29  Observer, Stalker  
  106  7:30  Stalker x3  
  112  7:42  Probe x3  
  115  7:49  Stalker x2  
  116  7:55  Stalker x3  
  121  7:59  Probe x3  
  124  8:14  Colossus (Chrono Boost)  
  124  8:15  Observer  
  124  8:16  Probe x2  
  124  8:17  Probe  
  127  8:20  Extended Thermal Lance  
  127  8:22  Pylon  
  127  8:23  Pylon  
  127  8:25  Nexus  
  119  8:27  Pylon  
  113  8:34  Robotics Facility, Assimilator  
  113  8:36  Assimilator  
  113  8:37  Observer  
  113  8:39  Probe x3  
  116  8:42  Shield Battery, Zealot x3  
  122  8:48  Protoss Ground Armor Level 1 (Chrono Boost)  
  122  8:52  Observer, Pylon  
  122  8:55  Observer  
  122  9:01  Colossus (Chrono Boost), Zealot  
  122  9:02  Zealot x3  
  128  9:11  Photon Cannon, Gateway x2  
  128  9:13  Gateway, Shield Battery  
  128  9:24  Zealot x4  
  128  9:30  Pylon  
  131  9:34  Observer (Chrono Boost)  
  131  9:36  Stalker x2  
  120  9:52  Observer, Zealot x4  
  125  9:57  Probe x3  
  128  10:03  Disruptor (Chrono Boost)  
  125  10:17  Disruptor (Chrono Boost), Zealot x4  
  132  10:21  Pylon  
  132  10:27  Nexus  
  132  10:29  Disruptor (Chrono Boost)  
  132  10:30  Pylon  
  135  10:36  Probe x3  
  141  10:43  Photon Cannon  
  141  10:44  Disruptor (Chrono Boost)  
  141  10:45  Photon Cannon  
  141  10:49  Protoss Ground Armor Level 2 (Chrono Boost)  
  141  10:51  Shield Battery  
  141  10:55  Shield Battery  
  141  10:56  Disruptor (Chrono Boost)  
  143  11:07  Probe x2, Gateway  
  143  11:08  Dark Shrine, Probe  
  143  11:11  Observer  
  146  11:31  Probe  
  146  11:32  Probe  
  147  11:34  Disruptor x2  
  147  11:36  Pylon  
  152  11:44  Zealot x9  
  170  11:59  Assimilator x2  
  166  12:10  Nexus  
  142  12:25  Disruptor  
  142  12:26  Disruptor  
  142  12:28  Zealot x10  
  164  12:33  Pylon  
  158  12:48  Protoss Ground Weapons Level 3 (Chrono Boost)  
  156  12:56  Zealot x10  
  168  13:06  Colossus (Chrono Boost)  
  168  13:08  Colossus (Chrono Boost)  
  123  13:39  Stalker x5  
  123  13:40  Stalker x5  
  94  13:50  Probe (Chrono Boost)  
  94  13:51  Probe x2 (Chrono Boost)  
  97  13:56  Probe x2 (Chrono Boost)  
  97  14:00  Probe (Chrono Boost)  
  98  14:08  Observer  
  99  14:10  Dark Templar x6  
  99  14:11  Probe x4  
  99  14:12  Probe  
  116  14:20  Stalker x2  
  116  14:23  Probe  
  119  14:30  Stalker x2  
  102  14:46  Stalker x4  
  102  14:47  Stalker x2  
  103  15:07  Stalker x4  
  79  15:32  Zealot x9  
  56  15:54  Stalker x4  
  56  16:02  Zealot x2  

Tags
 
Add a new tag
Caveats
  • Supply blocks, unpowered buildings, or Contaminate may cause inaccurate times.
  • Supply counts are checked every 10 seconds.